 Dungeon Crawl Stone Soup version 0.30-a0-34-gbe8da3892a (webtiles) character file.

Game seed: 17957719661034627671

3602 ytrimaz the Transmogrifier (level 10, -10/58 HPs)
             Began as an Octopode Transmuter on Aug 27, 2022.
             Was a Follower of Ashenzari.
             Mangled by a two-headed ogre
             ... wielding a +0 giant club
              (22 damage)
             ... on level 9 of the Dungeon.
             The game lasted 00:12:24 (11060 turns).

ytrimaz the Transmogrifier (Octopode Transmuter)   Turns: 11060, Time: 00:12:25

Health: -10/58     AC:  2    Str: 17    XL:     10   Next: 10%
Magic:  17/20      EV: 20    Int: 17    God:    Ashenzari [*.....]
Gold:   310        SH:  0    Dex: 19    Spells: 9/23 levels left

rFire   + + .      SeeInvis .      - Unarmed
rCold   . . .      Faith    .    (shield currently unavailable)
rNeg    . . .      Spirit   .    (helmet currently unavailable)
rPois   .          Reflect  .    E - amulet of the acrobat
rElec   .          Harm     .    b - ring of Ashenzari's Suspicion {Str+6, Bglg, Evo} (curse)
rCorr   .          Rampage  .    q - ring of Ashenzari's Nihilism {rF+, Bglg, Cun} (curse)
Will    .....                    x - ring "Hokuf" {rPois rF+ Int-2 Dex+2}
Stlth   ++........               B - ring of wizardry
HPRegen 0.19/turn                (no ring)
MPRegen 0.17/turn                (no ring)
                                 (no ring)
                                 (no ring)

@: spider-form
A: venomous fangs, almost no armour, (amphibious), 8 rings, tiny, (camouflage
1), (gelatinous body 1), (nimble swimmer 1), (tentacles)
a: End Transformation, Renounce Religion, Shatter the Chains


You were on level 9 of the Dungeon.
You worshipped Ashenzari.
Ashenzari was aware of your devotion.
You were a venomous arachnid creature.
You visited 2 branches of the dungeon, and saw 10 of its levels.
You also visited: Sewer.

You collected 1078 gold pieces.
You spent 768 gold pieces at shops.

Inventory:

Missiles
 u - a throwing net
Jewellery
 b - the cursed ring of Ashenzari's Suspicion (left front leg) {Str+6, Bglg, Evo}
   (You found it on level 1 of the Dungeon)

   [ring of strength]

   Str:       It affects your strength (+6).
   It has a curse which improves the following skills: Beguiling: Conjurations,
   Hexes and Translocations.
   Evocations: Evocations.
 q - the cursed ring of Ashenzari's Nihilism (right front leg) {rF+, Bglg, Cun}
   (You found it on level 4 of the Dungeon)

   [ring of protection from fire]

   rF:        It protects you from fire.
   It has a curse which improves the following skills: Beguiling: Conjurations,
   Hexes and Translocations.
   Cunning:   Dodging and Stealth.
 x - the ring "Hokuf" (on tentacle) {rPois rF+ Int-2 Dex+2}
   (You bought it in a shop on level 5 of the Dungeon)

   [ring of poison resistance]

   Int:       It affects your intelligence (-2).
   Dex:       It affects your dexterity (+2).
   rF:        It protects you from fire.
   rPois:     It protects you from poison.
 B - a ring of wizardry (on tentacle)
 E - an amulet of the acrobat (around neck)
Wands
 i - a wand of flame (19)
 s - a wand of mindburst (20)
 w - a wand of light (13)
 y - a wand of digging (5)
 z - a wand of polymorph (9)
 C - a wand of roots (9)
Scrolls
 c - 9 scrolls of teleportation
 f - a scroll of magic mapping
 h - 2 scrolls of enchant weapon
 j - 2 scrolls of blinking
 l - 6 scrolls of fog
 n - a scroll of poison
 r - 2 scrolls of enchant armour
 v - a scroll of amnesia
Potions
 a - a potion of ambrosia
 d - 2 potions of resistance
 e - 2 potions of mutation
 g - 2 potions of curing
 k - 2 potions of flight
 m - a potion of might
 o - 2 potions of brilliance
 p - 4 potions of haste
 t - a potion of berserk rage
 A - a potion of lignification
 D - a potion of degeneration


   Skills:
 - Level 1.0 Fighting
 - Level 2.0(2.6) Dodging
 + Level 7.0 Unarmed Combat
 + Level 7.1 Spellcasting
 + Level 8.9 Transmutations
 - Level 4.0 Ice Magic
 - Level 4.0 Poison Magic


You had 9 spell levels left.
You knew the following spells:

 Your Spells              Type           Power      Damage    Failure   Level
a - Ice Form              Ice/Tmut       28%        N/A       9%          4
b - Wereblood             Tmut           36%        N/A       1%          2
c - Spider Form           Tmut/Pois      28%        N/A       4%          3
d - Irradiate             Conj/Tmut      10%        3d15      34%         5

Your spell library contained the following spells:

 Spells                   Type           Power      Damage    Failure   Level
 Beastly Appendage        Tmut           72%        N/A       1%          1
 Passwall                 Tmut/Erth      17%        N/A       4%          2
 Frozen Ramparts          Ice            38%        1d6       8%          3
 Apportation              Tloc           12%        N/A       11%         1
 Sandblast                Erth           12%        2d6       12%         1
 Summon Small Mammal      Summ           24%        N/A       12%         1
 Sublimation of Blood     Necr           6%         N/A       16%         2
 Petrify                  Tmut/Erth      21%        N/A       16%         4
 Alistair's Intoxication  Tmut/Pois      18%        N/A       19%         5
 Call Canine Familiar     Summ           6%         N/A       26%         3
 Stone Arrow              Conj/Erth      12%        3d7       26%         3
 Summon Guardian Golem    Hex/Summ       6%         N/A       26%         3
 Summon Ice Beast         Ice/Summ       12%        N/A       34%         4
 Chain Lightning          Conj/Air       3%         3d4       100%        9
 Fire Storm               Conj/Fire      3%         8d1       100%        9
 Shatter                  Erth           3%         3d7*      100%        9


Dungeon Overview and Level Annotations

Branches:
Dungeon (9/15)             Temple (1/1) D:4           Sewer (visited)
   Lair: D:8-11         Orc: D:9-12

Altars:
Ashenzari
Cheibriados
Elyvilon
Fedhas
Gozag
Hepliaklqana
Kikubaaqudgha
Makhleb
Nemelex Xobeh
Okawaru
Ru
Trog
Uskayaw
Vehumet
Xom
Yredelemnul
Zin
The Shining One

Shops:
D:5 =***?(   D:8 *[

Annotations:
D:9 exclusion: two-headed ogre


Innate Abilities, Weirdness & Mutations

You are a venomous arachnid creature.
You have poisonous fangs.
You are tiny and dextrous.
Your spellcasting is less reliable in this form.
Your armour is entirely melded.
You are incapable of wielding weapons or throwing items.
You cannot wear most types of armour.
((You are amphibious.))
You can wear up to eight rings at the same time.
((Your skin changes colour to match your surroundings (Stealth+).))
((Your rubbery body absorbs attacks. (AC +1, EV +1)))
((You are camouflaged when in or above water. (Stealth+)))
((You have tentacles for arms and can constrict up to eight enemies at once.))


Message History

Casting: Irradiate (quite dangerous; 21% risk of failure)
Confirm with . or Enter, or press ? or * to list all spells.
You turn into a venomous arachnid creature.
You climb downwards.
Level annotation: exclusion: two-headed ogre The two-headed ogre closely misses you.
The two-headed ogre hits you with a +0 giant spiked club!
There is a stone staircase leading up here.
Unknown command.
You bite the two-headed ogre!
The two-headed ogre is poisoned.
The two-headed ogre is moderately wounded.
The two-headed ogre barely misses you.
The two-headed ogre hits you with a +0 giant spiked club!!
You hit the two-headed ogre.
The two-headed ogre is moderately wounded.
You hit the two-headed ogre but do no damage.
The two-headed ogre looks as sick as possible!
The two-headed ogre is moderately wounded.
The two-headed ogre completely misses you.
The two-headed ogre closely misses you.
You hit the two-headed ogre but do no damage.
The two-headed ogre looks as sick as possible!
The two-headed ogre is moderately wounded.
The two-headed ogre misses you.
The two-headed ogre hits you with a +0 giant spiked club!!
* * * LOW HITPOINT WARNING * * *
Unknown command.
Your transformation is almost over.
There is a stone staircase leading down here.
Your transformation has ended.
Aiming: Bolt of Light
Press: ? - help, Shift-Dir - straight line, f - two-headed ogre
Aim: a two-headed ogre, wielding a +0 giant club and a +0 giant spiked club (almost dead, poisoned, 86% to hit)
The bolt of light misses the two-headed ogre.
Unknown command.
Casting: Spider Form (safe; 1% risk of failure)
Confirm with . or Enter, or press ? or * to list all spells.
You turn into a venomous arachnid creature.
The two-headed ogre hits you with a +0 giant club!!
You die...

#####################
...............Os...#
...........#.....#..#
...........#.....# .#
.............#+#....#
.#######.....# #....#
.# +.###.# #.##.# .#
###.....# #.# .# .#
#...<...# #.. # .#
#.##..#.+


You could see a two-headed ogre (poisoned).

Vanquished Creatures
  A two-headed ogre (D:7)
  A steam dragon (D:9)
  3 water moccasins
  Pargi (Sewer)
  An ice beast (D:6)
  An orc warrior (D:7)
  An ogre (D:5)
  A centaur (D:7)
  4 bullfrogs
  Blork the orc (D:6)
  A kobold brigand (D:6)
  2 necrophages
  7 wights (D:8)
  5 killer bees (D:9)
  2 jellies (D:5)
  11 orc priests
  3 hounds
  4 iguanas
  5 orc wizards
  8 gnolls
  17 adders
  A river rat (D:5)
  2 white imps
  An ufetubus (D:5)
  3 worms
  2 dart slugs (D:2)
  23 orcs
  2 endoplasms
  5 giant cockroaches
  10 hobgoblins
  2 quokkas (D:1)
  8 ball pythons
  5 bats
  10 frilled lizards
  10 goblins
  18 kobolds
  A spectral orc (D:6)
183 creatures vanquished.

Vanquished Creatures (others)
  A plant (D:8)
1 creature vanquished.

Grand Total: 184 creatures vanquished

Notes
Turn   | Place    | Note
-------+----------+-------------------------------------------
     0 | D:1      | ytrimaz the Octopode Transmuter began the quest for the
                  | Orb.
     0 | D:1      | Reached XP level 1. HP: 13/13 MP: 3/3
   231 | D:1      | Reached XP level 2. HP: 16/18 MP: 3/5
   853 | D:2      | Reached XP level 3. HP: 21/23 MP: 4/6
   856 | D:2      | Learned a level 2 spell: Wereblood
   860 | D:2      | Learned a level 3 spell: Spider Form
  1207 | D:2      | Reached skill level 1 in Poison Magic
  1489 | D:2      | Found a faded altar of an unknown god.
  1743 | D:2      | Reached XP level 4. HP: 28/28 MP: 7/7
  2349 | D:3      | Reached XP level 5. HP: 24/33 MP: 4/8
  3056 | D:4      | Found a staircase to the Ecumenical Temple.
  3077 | D:4      | Reached skill level 3 in Transmutations
  3085 | D:4      | Reached XP level 6. HP: 38/38 MP: 5/10
  3108 | Temple   | Entered the Ecumenical Temple
  3638 | Temple   | Became a worshipper of Ashenzari the Shackled
  3703 | D:4      | Learned a level 4 spell: Ice Form
  3726 | D:4      | Reached skill level 1 in Ice Magic
  4168 | D:4      | Found an opulent altar of Gozag.
  4477 | D:4      | Found a white marble altar of Elyvilon.
  4477 | D:4      | Found a bloodstained altar of Trog.
  4556 | D:5      | Entered Level 5 of the Dungeon
  4572 | D:5      | Reached XP level 7. HP: 25/43 MP: 8/12
  4832 | D:5      | Found Vask's Jewellery Shop.
  4841 | D:5      | Reached skill level 4 in Transmutations
  5002 | D:5      | Found Pecad's General Store.
  5035 | D:5      | Found Vyhoc's General Store.
  5170 | D:5      | Found a glowing drain.
  5194 | Sewer    | Entered a sewer
  5214 | Sewer    | Noticed Pargi
  5221 | Sewer    | Killed Pargi
  5473 | D:5      | Identified a scroll of acquirement
  5473 | D:5      | Acquired 484 gold pieces
  5480 | D:5      | Found Lusoosin's Magic Scroll Emporium.
  5501 | D:5      | Found Buuhait's Weapon Shop.
  5602 | D:5      | Reached XP level 8. HP: 39/48 MP: 10/14
  5768 | D:5      | Found Sesk's Serpentskin Sales.
  5779 | D:5      | Reached skill level 5 in Transmutations
  5900 | D:5      | Found a radiant altar of Vehumet.
  5903 | D:5      | Found a shimmering altar of Xom.
  5903 | D:5      | Found a sacrificial altar of Ru.
  5905 | D:5      | Found a hazy altar of Hepliaklqana.
  5905 | D:5      | Found a shimmering altar of Xom.
  5905 | D:5      | Found a shadowy altar of Dithmenos.
  5992 | D:5      | You fall into a shaft and drop 2 floors!
  6005 | D:7      | Found a sparkling altar of Nemelex Xobeh.
  6385 | D:6      | Noticed Blork the orc
  6570 | D:5      | Reached skill level 5 in Spellcasting
  6893 | D:5      | Bought the ring "Hokuf" {rPois rF+ Int-2 Dex+2} for 408
                  | gold pieces
  6900 | D:5      | Learned a level 5 spell: Irradiate
  6933 | D:6      | Killed Blork the orc
  7293 | D:6      | Identified the +4 leather armour of Theory {rN+ Str+3}
  7369 | D:6      | Found a basalt altar of Yredelemnul.
  7633 | D:6      | Found a hazy altar of Hepliaklqana.
  7924 | D:6      | Reached skill level 6 in Transmutations
  8208 | D:5      | Bought a ring of wizardry for 360 gold pieces
  8631 | D:7      | Reached skill level 5 in Unarmed Combat
  8659 | D:7      | Reached XP level 9. HP: 42/53 MP: 8/17
  8835 | D:7      | Reached skill level 7 in Transmutations
  9124 | D:7      | Noticed a two-headed ogre
  9138 | D:7      | Killed a two-headed ogre
  9139 | D:7      | Reached skill level 8 in Transmutations
 10016 | D:8      | Found a hide-covered altar of Uskayaw.
 10198 | D:8      | Found Ulizidom's General Store.
 10344 | D:8      | Reached * piety under Ashenzari
 10379 | D:8      | Reached XP level 10. HP: 58/58 MP: 15/20
 10540 | D:8      | Found Cheibriados's Comfort Zone.
 10540 | D:8      | Found a snail-covered altar of Cheibriados.
 10748 | D:9      | Noticed a two-headed ogre
 11060 | D:9      | Mangled by a two-headed ogre

Illustrated notes

Levels and vault maps discovered:
D:1:      dpeg_arrival_line_fractal, layout_loops_ring, chequers_arboretum,
          kennysheep_pointless_box, minmay_ruptured
D:2:      layout_loops_corners, shapermc_ecumenical_altar_flowoftime,
          minmay_misc_feat_x
D:3:      layout_basic, chequers_serial_rivers_room_a
D:4:      layout_loops_ring, kennysheep_mini, amethyst_overflow_temple_binary,
          minmay_temple_entry_mini_moons
D:5:      cheibrodos_thug_alley, layout_loops_cross, doesnt_xom_only_xom,
          serial_shops, nicolae_shop_crystal, nicolae_stop_n_shop_1,
          nicolae_take_the_stairs, shop, nicolae_shop_waterfront,
          portal_sewer_entry_a, guppyfry_shop_venom
D:6:      layout_gridville, mainiacjoe_overflow_paths,
          yredelemnul_forgotten_temple_becter, uniq_blork_the_orc
D:7:      layout_cave_pools, nemelex_xobeh_ov_fountains_minmay, st_stairs_14,
          hangedman_abyss_or_decor_lesser_grid
D:8:      gammafunk_indiana_jones, layout_loops_ring,
          mainiacjoe_overflow_tiny_flanked, nicolae_stop_n_shop_2,
          minmay_shop_chei, dreamdust_mushroom_princess
D:9:      layout_stronghold, centaur_isle
Temple:   chequers_temple_sunken

Skill      XL: |  1  2  3  4  5  6  7  8  9 10 |
---------------+-------------------------------+-----
Unarmed Combat | 4 5 6 7 |  7.0
Poison Magic   | 1 2 3 4 |  4.0
Transmutations | 3 4 6 8 |  8.9
Spellcasting   | 3 4 5 6 7 |  7.1
Ice Magic      | 2 4 |  4.0
Fighting       | |  1.0
Dodging        | |  2.0

Action                   |  1- 3 |  4- 6 |  7- 9 | 10-12 || total
-------------------------+-------+-------+-------+-------++-------
Melee: Unarmed           |    51 |   122 |   240 |    13 ||   426
       Constrict         |    19 |    11 |     4 |     1 ||    35
       Kick              |    13 |     7 |     3 |       ||    23
       Tentacles         |    12 |     4 |     1 |     1 ||    18
       Punch             |     2 |     5 |     1 |       ||     8
 Cast: Beastly Appendage |    23 |    17 |     3 |       ||    43
       Spider Form       |       |    12 |     9 |     2 ||    23
       Wereblood         |       |     4 |     4 |       ||     8
       Ice Form          |       |       |    31 |     1 ||    32
       Irradiate         |       |       |     4 |     2 ||     6
Invok: Curse Item        |       |       |     2 |       ||     2
 Abil: End Transformatio |       |       |     1 |       ||     1
Evoke: Wand              |       |       |       |     1 ||     1
  Use: Scroll            |       |    13 |     5 |     1 ||    19
       Potion            |       |     1 |     5 |     1 ||     7
 Stab: Sleeping          |     5 |     4 |     2 |       ||    11
Armor: Skin              |     4 |     6 |    68 |     7 ||    85
Dodge: Dodged            |    24 |    72 |   164 |    29 ||   289

Table legend: (Time is in decaauts)
 A = Elapsed time spent in this place.
 B = Non-inter-level travel time spent in this place.
 C = Inter-level travel time spent in this place.
 D = Time resting spent in this place.
 E = Time spent auto-exploring this place.
 F = Levels seen in this place.
 G = Mean time per level.
                   A        B        C        D        E       F      G
               +--------+--------+--------+--------+--------+-----+--------+
         Total |  11029 |  10544 |    485 |    969 |   7946 |  11 | 1002.6 |
       Dungeon |  10208 |   9768 |    440 |    969 |   7309 |   9 | 1134.2 |
        Temple |    548 |    503 |     45 |      0 |    497 |   1 |  548.0 |
         Sewer |    272 |    272 |      0 |      0 |    140 |   1 |  272.0 |
               +--------+--------+--------+--------+--------+-----+--------+

Top non-repeatable levels by time:
     D:6: 2007 daAuts
     D:5: 1649 daAuts
     D:2: 1435 daAuts
     D:7: 1262 daAuts
     D:8: 1096 daAuts
     D:4: 992 daAuts
     D:1: 845 daAuts
     D:3: 720 daAuts
  Temple: 548 daAuts
   Sewer: 272 daAuts
     D:9: 199 daAuts
